 Dungeon Crawl Stone Soup version 0.31.0-1-g2c135a008e (webtiles) character file.

Game seed: 9619020658828547073

372071 James the Wrestler (level 22, -12/265 HPs)
             Began as a Barachi Shapeshifter on Jan 20, 2024.
             Was the Champion of Trog.
             Killed by Lee's Rapid Deconstruction
             ... invoked by a deep elf elementalist
              (35 damage)
             ... on level 3 of the Elven Halls.
             The game lasted 03:36:14 (56001 turns).

James the Wrestler (Barachi Shapeshifter)          Turns: 56001, Time: 03:36:14

Health: -12/265    AC: 38    Str: 32    XL:     22   Next: 69%
Magic:  16/22      EV: 29    Int: 13    God:    Trog [******]
Gold:   1987       SH:  9    Dex: 20    Spells: 21/21 levels left

rFire   + +          .
                       - Unarmed
rCold   + . .        u - +3 buckler {rC+}
rNeg    + . .        Q - melded +2 ring mail {Will+}
rPois   ∞            e - +0 helmet of the Grey Skies {rElec Will+ rCorr Dex+2}
rElec   +            B - +2 cloak {Will+}
rCorr   +            (gloves currently unavailable)
SInv    .            y - melded +2 pair of boots
Will    ++++.        j - amulet of the acrobat
Stlth   ++           n - ring "Muasch" {^Drain rF+++ Str+6}
HPRegen 0.64/turn    x - ring of Hoffabb {rElec Will+ EV+5 Dex+6}
MPRegen 0.18/turn

%: acrobat
@: statue-form, studying Evocations, very slow
A: slow and powerful, torment resistance 1, boosted hp, amphibious, (slowness
1), strong legs 2, +LOS, sense surroundings 1, strong 1, heat vulnerability 1
}: 2/15 runes: barnacled, gossamer
a: Hop, Begin Untransformation, Renounce Religion, Berserk, Trog's Hand,
Brothers in Arms


You were on level 3 of the Elven Halls.
You worshipped Trog.
Trog was exalted by your worship.
You were a living statue of rough stone.
You visited 10 branches of the dungeon, and saw 40 of its levels.
You also visited: Bailey, Ice Cave, Volcano and Desolation.

You collected 4898 gold pieces.
You spent 2911 gold pieces at shops.

Inventory:

Hand Weapons
 b - a +2 sling of electrocution
   (You took it off a faun on level 2 of the Shoals)
Missiles
 v - 20 curare-tipped darts {!f}
 E - 6 atropa-tipped darts
 K - 18 javelins
 M - 9 silver javelins (quivered)
 P - 11 throwing nets {!f}
 W - 6 darts of dispersal {!f}
Armour
 e - the +0 helmet of the Grey Skies (worn) {rElec Will+ rCorr Dex+2}
   (You bought it in a shop on level 2 of the Vaults)

   Dex+2:     It affects your dexterity (+2).
   rElec:     It insulates you from electricity.
   Will+:     It increases your willpower.
   rCorr:     It protects you from acid and corrosion.
 h - +0 gold dragon scales
   (You found it on level 3 of the Vaults)
 u - a +3 buckler of cold resistance (worn)
   (You found it in an ice cave)
 y - a +2 pair of boots (melded)
   (You found it on level 6 of the Dungeon)
 B - a +2 cloak of willpower (worn)
   (You took it off Nikola on level 1 of the Elven Halls)
 C - a scarf of resistance
   (You found it on level 4 of the Spider Nest)
 O - a +0 pair of gloves
   (You took it off Nikola on level 1 of the Elven Halls)
 Q - a +2 ring mail of willpower (melded)
   (You found it in the Desolation of Salt)
 S - a +1 buckler of reflection
   (You took it off a deep elf knight on level 1 of the Elven Halls)
 X - +3 storm dragon scales {Bai Suzhen}
   (You found it on level 3 of the Elven Halls)
Jewellery
 j - an amulet of the acrobat (around neck)
   (You found it on level 1 of the Dungeon)
 l - the ring of Patuth {rPois rN++ rCorr}
   (You took it off a ragged hierophant in the Desolation of Salt)

   [ring of resist corrosion]

   rPois:     It protects you from poison rN++: It greatly protects you from
   negative energy.
   rCorr:     It protects you from acid and corrosion.
 n - the ring "Muasch" (left fist) {^Drain rF+++ Str+6}
   (You bought it in a shop on level 2 of the Vaults)

   [ring of strength]

   Str+6:     It affects your strength (+6).
   rF+++:     It renders you almost immune to fire.
   ^Drain:    It drains your maximum health when unequipped.
 o - a ring of protection from cold
   (You took it off a merfolk siren on level 1 of the Shoals)
 x - the ring of Hoffabb (right fist) {rElec Will+ EV+5 Dex+6}
   (You found it in the Desolation of Salt)

   [ring of evasion]

   EV+5:      It affects your evasion (+5).
   Dex+6:     It affects your dexterity (+6).
   rElec:     It insulates you from electricity.
   Will+:     It increases your willpower.
 V - the ring "Buciloj" {Str+6 SInv}
   (You found it in the Desolation of Salt)

   [ring of strength]

   Str+6:     It affects your strength (+6).
   SInv:      It lets you see invisible.
Talismans
 a - a granite talisman (active)
   (You found it on level 4 of the Dungeon)
 i - a storm talisman
   (You took it off Sojobo on level 4 of the Vaults)
 J - a dragon-blood talisman
   (You found it on level 8 of the Dungeon)
Wands
 d - a wand of iceblast (32)
   (You took it off Ijyb on level 3 of the Dungeon)
 t - a wand of flame (16)
   (You found it on level 1 of the Elven Halls)
 w - a wand of polymorph (10)
   (You found it on level 4 of the Spider Nest)
 F - a wand of quicksilver (13)
   (You bought it in a shop on level 10 of the Dungeon)
 T - a wand of mindburst (12)
   (You found it on level 7 of the Dungeon)
 Z - a wand of charming (44)
   (You found it on level 4 of the Dungeon)
Scrolls
 c - 4 scrolls of fog
 g - 4 scrolls of immolation {!r}
 p - 13 scrolls of teleportation {@r4}
 r - 7 scrolls of fear
 G - 3 scrolls of blinking
 N - 4 scrolls of silence
 R - 6 scrolls of poison {!r}
Potions
 f - 4 potions of lignification {!q}
 k - 3 potions of cancellation
 m - 23 potions of curing {@q1}
 q - 2 potions of invisibility
 s - 7 potions of heal wounds {@q2}
 H - 5 potions of haste {@q3}
 I - 4 potions of enlightenment
 L - 5 potions of might
 U - 14 potions of ambrosia
Miscellaneous
 z - a tin of tremorstones (2/2)
   (You found it in the Desolation of Salt)
 A - a phial of floods
   (You found it in an ice cave)
 D - a sack of spiders
   (You found it on level 4 of the Shoals)


   Skills:
 + Level 24.6 Fighting
 - Level 17.0 Dodging
 - Level 5.0 Shields
 - Level 25.0 Unarmed Combat
 - Level 15.0 Evocations
 - Level 22.0 Shapeshifting


You had 21 spell levels left.
You didn't know any spells.
Your spell library contained the following spells:

 Spells                   Type           Power      Damage    Failure   Level
 Apportation              Tloc           0%         N/A       34%         1
 Necrotise                Necr           0%         1d4       34%         1
 Sting                    Conj/Alch      0%         1d3       34%         1
 Summon Small Mammal      Summ           0%         N/A       34%         1
 Alistair's Intoxication  Alch           0%         N/A       100%        5
 Borgnjor's Vile Clutch   Necr/Erth      0%         N/A       100%        5
 Eringya's Noxious Bog    Alch           0%         4d6       100%        6


Dungeon Overview and Level Annotations

Branches:
Dungeon (15/15)            Temple (1/1) D:5            Lair (5/5) D:8
 Shoals (4/4) Lair:2       Spider (4/4) Lair:2        Slime (0/5) Lair:4
    Orc (2/2) D:9             Elf (3/3) Orc:2        Vaults (4/5) D:14
  Crypt (1/3) Vaults:3     Depths (1/4) D:15         Bailey (visited)
  IceCv (visited)         Volcano (visited)         Desolation (visited)

Altars:
Ashenzari
Cheibriados
Dithmenos
Elyvilon
Fedhas
Gozag
Hepliaklqana
Kikubaaqudgha
Makhleb
Nemelex Xobeh
Okawaru
Qazlal
Ru
Sif Muna
Trog
Uskayaw
Vehumet
Wu Jian
Xom
Yredelemnul
Zin
The Shining One
Jiyva

Shops:
D:1 :   D:9 (   D:10 *   D:12 :   Orc:2 !(!   Shoals:1 [   Shoals:4 [
Vaults:1 :   Vaults:2 =(*[   Vaults:3 !   Vaults:4 **

Annotations:
D:1 1 exclusion
Elf:2 3 runed translucent doors
Vaults:4 3 runed translucent doors, exclusion: obsidian statue, HilariousDeathArtist's ghost, adept CeWn


Innate Abilities, Weirdness & Mutations

You are a living statue of rough stone.
Your actions are slow, but your melee attacks are powerful.
You are resistant to unholy torment.
Your maximum health is greatly increased.
Your equipment is partially melded.
You are amphibious.
You are immune to poison.
((You cover ground slowly.))
You can hop long distances.
You have an extended range of vision and can be seen from far away.
You passively map a small area around you.
Your muscles are strong. (Str +4, Int/Dex -1)
You are vulnerable to heat. (rF-)


Message History

Items here: ))))))))))) [[[[ ††.
You hit the deep elf annihilator.
The deep elf elementalist gestures next to you while chanting.
The wall shatters!
The blast of rock fragments hits you but does no damage.
The deep elf elementalist points next to you and mumbles some strange words.
The wall shatters!
The blast of rock fragments hits you.
* * * LOW HITPOINT WARNING * * *
You beat the deep elf annihilator into a bloody pulp!!!!
You kill the deep elf annihilator!
Trog accepts your kill.
Trog appreciates your killing of a magic user.
The deep elf demonologist gestures wildly while chanting.
The deep elf elementalist points at you and mumbles some strange words.
The fireball explodes!
The fireball engulfs you! You resist.
* * * LOW HITPOINT WARNING * * *
The deep elf elementalist points at you and mumbles some strange words.
You shatter!!!
* * * LOW HITPOINT WARNING * * *
The blizzard demon waves its arms in wide circles.
The air twists around and strikes you.
You feel much better.
The blizzard demon disappears in a puff of smoke!
The deep elf elementalist casts a spell next to you.
The wall shatters!
The blast of rock fragments hits you.
* * * LOW HITPOINT WARNING * * *
The deep elf demonologist casts a spell.
The deep elf demonologist mumbles some strange words.
The neqoxec gestures at you. Something gnaws on your mind!
* * * LOW HITPOINT WARNING * * *
You feel your power leaking away.
The deep elf elementalist casts a spell next to you.
The wall shatters!
The blast of rock fragments hits you but does no damage.
You hear a screech!
Unknown command.
Blink to where?
Press: ? - help, Dir - move target
There is a wall there.
Okay, then.
Unknown command.
Unknown command.
Unknown command.
Blink to where?
Press: ? - help, Dir - move target
As you read the scroll of blinking, it crumbles to dust.
The deep elf elementalist gestures at you while chanting.
You shatter!!
You die...

.#
#.....+...##.............#
.#
#.....#....+............##
.#
#.....#''###.....#.....##
.#
#..........#....###...##
.# #..............## ##.##
'## ##..........##+# ###
..## #''##......##.#
...######..##......'..#
...'.......##...8..#..#
...'..###...'......#..#
...#.## #...'.....##..#
...#'####+###....###..#
#..........#####'# #..#
#..........# ##.###..#
#).........# #.))....#
'...######## ###$#####
'...#* #e#


You could see a deep elf elementalist (fast, repels missiles).

Vanquished Creatures
  Sojobo (Vaults:4)
  Boris (twice) (Vaults:1 Vaults:3)
  Bai Suzhen (Elf:3)
  Nikola (Elf:1)
  A golden dragon (Vaults:3)
  A bone dragon (Vaults:3)
  Arachne (Spider:3)
  2 deep elf blademasters (Elf:3)
  Asterion (Spider:4)
  2 deep elf master archers (Elf:3)
  Frances (D:11)
  3 sphinxes
  Kirke (D:12)
  Agnes (Spider:4)
  2 tengu reavers
  Ilsuiw (Shoals:3)
  Roxanne (Spider:4)
  A fire giant (Vaults:1)
  8 emperor scorpions
  3 deep elf sorcerers (Elf:3)
  2 imperial myrmidons (Desolation)
  12 vault wardens
  5 orc warlords
  2 ghost moths (Spider:4)
  3 formless jellyfish
  13 ironbound preservers
  6 ironbound thunderhulks
  2 broodmothers
  A deep elf demonologist (Elf:3)
  10 deep elf death magi (Elf:3)
  A halazid warlock (Desolation)
  6 deep elf annihilators (Elf:3)
  2 war gargoyles (Vaults:3)
  12 dire elephants
  2 spark wasps
  2 blizzard demons (IceCv)
  3 ettins
  5 merfolk javelineers
  2 crystal guardians (Desolation)
  5 merfolk impalers
  12 yaktaur captains
  3 entropy weavers
  Josephine (D:15)
  4 deep elf high priests
  7 ragged hierophants (Desolation)
  17 vault guards
  4 great orbs of eyes
  5 hydras
  3 ogre magi
  Harold (Lair:2)
  2 caustic shrike simulacra (IceCv)
  4 servants of whispers (Desolation)
  A jorogumo (Spider:4)
  5 peacekeepers
  2 catoblepae
  2 radroaches
  13 ironbound frosthearts
  2 alligator snapping turtles
  3 merfolk avatars
  11 two-headed ogres
  3 boulder beetles
  13 dancing weapons
  7 merfolk aquamancers
  4 satyrs
  7 centaur warriors
  A death scarab (Spider:3)
  6 death yaks (Lair:5)
  A deep troll shaman (Lair:5)
  10 demonic crawlers
  4 orc high priests
  An occultist (D:15)
  A hell hog (Volcano)
  5 tengu warriors
  Urug (Lair:2)
  Sonja (Orc:1)
  16 deep elf knights
  3 skeletal warriors
  2 iron trolls (D:15)
  A sixfirhy (D:8)
  22 deep trolls
  6 pharaoh ants
  7 skysharks
  A bog body (IceCv)
  16 sea snakes
  5 orb spiders
  3 glowing orange brains
  3 arcanists
  3 lindwurms
  6 steelbarb worms
  2 sun moths
  2 necromancers
  7 deep elf archers
  An obsidian statue (IceCv)
  24 deep elf zephyrmancers
  2 phantasmal warriors
  12 ironbound convokers
  10 ugly things
  20 harpies
  35 deep elf pyromancers
  6 spriggan simulacra (IceCv)
  2 orc sorcerers
  19 orc knights
  22 wolf spiders
  13 manticores
  9 cyclopes
  2 moths of wrath
  12 fauns
  An oklob plant (Shoals:3)
  13 merfolk sirens
  5 black mambas
  16 elephants
  3 meliai (D:13)
  4 kobold blastminers
  4 guardian serpents (Desolation)
  3 torpor snails
  2 molten gargoyles (Volcano)
  15 vault sentinels
  8 water nymphs
  2 gargoyles
  2 kobold demonologists (Bailey)
  3 unseen horrors
  5 komodo dragons
  7 cane toads
  A rime drake (shapeshifter) (D:15)
  4 freezing wraiths
  2 efreet
  9 ice devils (IceCv)
  A golden dragon simulacrum (IceCv)
  An anaconda simulacrum (IceCv)
  21 yaktaurs
  29 merfolk
  3 tengu conjurers
  A queen bee (D:9)
  9 wind drakes
  A polar bear (shapeshifter) (Elf:3)
  7 trolls
  2 polar bears
  44 saltlings (Desolation)
  3 hornets
  5 dream sheep (Shoals:4)
  26 tarantellas
  33 blink frogs
  29 slime creatures
  14 snapping turtles
  2 air elementals (Elf:2)
  A centaur simulacrum (D:14)
  32 jumping spiders
  15 water elementals
  A spriggan (shapeshifter) (Elf:2)
  20 culicivoras
  3 humans (D:14)
  5 wraiths
  57 yaks
  A vampire (D:13)
  4 wyverns
  A shadow (D:12)
  4 fire bats (Volcano)
  2 fire elementals (Elf:3)
  4 hogs (D:11)
  10 wargs
  7 minotaur simulacra (IceCv)
  62 redbacks
  2 vampire mosquitoes
  4 basilisks
  3 steam dragons
  A harpy simulacrum (IceCv)
  A swamp worm (Lair:1)
  Menkaure (D:7)
  An acid dragon (D:10)
  15 water moccasins
  Duvessa (D:7)
  3 hell hounds (Volcano)
  A hydra simulacrum (IceCv)
  55 orc warriors
  A sky beast (D:6)
  An elephant zombie (Lair:4)
  2 laughing skulls (D:13)
  2 black bears
  20 ogres
  16 wolves
  15 centaurs
  2 phantoms
  3 kobold brigands
  2 gnoll sergeants
  A scorpion (D:5)
  8 bullfrogs
  13 deep troll simulacra (IceCv)
  An earth elemental (Elf:1)
  Dowan (D:7)
  18 killer bees (D:9)
  A lindwurm simulacrum (IceCv)
  3 howler monkeys
  6 lava snakes (Volcano)
  12 electric eels
  A bombardier beetle (D:4)
  2 jellies
  28 orc priests
  2 basilisk zombies (Lair:4)
  A gnoll bouda (D:6)
  3 hounds
  A sleepcap (D:7)
  Ijyb (D:3)
  An iguana (D:6)
  24 orc wizards
  A hell rat (Lair:2)
  21 gnolls
  4 river rats (Lair:2)
  8 adders
  6 shadow imps
  6 white imps
  2 ufetubi (D:6)
  A dart slug (D:3)
  3 ribbon worms
  138 orcs
  8 ball pythons
  5 endoplasms
  3 giant cockroaches
  18 goblins
  18 hobgoblins
  6 jackals (D:4)
  14 kobolds
  3 quokkas
  14 bats
  5 frilled lizards
  7 rats
1732 creatures vanquished.

Vanquished Creatures (collateral kills)
  Mlioglotl (Spider:4)
  A tengu reaver (Vaults:4)
  2 dire elephants (Vaults:2)
  2 merfolk javelineers (Shoals:4)
  A peacekeeper (Vaults:2)
  A necromancer (Vaults:2)
  A merfolk siren (Shoals:4)
  A manticore (Shoals:4)
  A merfolk (Shoals:4)
  2 saltlings (Vaults:2)
  A yak (D:8)
  A basilisk (D:8)
15 creatures vanquished.

Vanquished Creatures (others)
  A halazid warlock (Desolation)
  A deep elf archer (Elf:2)
  A water elemental (Shoals:4)
  A warg (Orc:1)
  An orc priest (Orc:2)
  An orc wizard (D:10)
  2 orcs
8 creatures vanquished.

Grand Total: 1755 creatures vanquished

Notes
Turn   | Place    | Note
-------+----------+-------------------------------------------
     0 | D:1      | James the Barachi Shapeshifter began the quest for the Orb.
     0 | D:1      | Reached XP level 1. HP: 15/15 MP: 1/1
    66 | D:1      | Found Vohixen's Book Shoppe.
   155 | D:1      | Reached XP level 2. HP: 14/21 MP: 2/2
   287 | D:1      | Reached skill level 4 in Unarmed Combat
   527 | D:1      | Reached XP level 3. HP: 26/26 MP: 3/3
  1343 | D:2      | Reached skill level 5 in Unarmed Combat
  1763 | D:2      | Reached XP level 4. HP: 33/33 MP: 4/4
  2910 | D:3      | Reached XP level 5. HP: 40/41 MP: 5/5
  3555 | D:3      | Reached XP level 6. HP: 23/47 MP: 6/6
  3562 | D:3      | Reached skill level 6 in Unarmed Combat
  3830 | D:3      | Noticed Ijyb
  3852 | D:3      | Killed Ijyb
  4507 | D:4      | Found a hide-covered altar of Uskayaw.
  4507 | D:4      | Found a sacrificial altar of Ru.
  4628 | D:4      | Reached skill level 5 in Fighting
  5113 | D:5      | Entered Level 5 of the Dungeon
  5158 | D:5      | Reached XP level 7. HP: 56/56 MP: 7/7
  5203 | D:5      | Found a staircase to the Ecumenical Temple.
  5211 | Temple   | Entered the Ecumenical Temple
  5243 | Temple   | Became a worshipper of Trog the Wrathful
  5929 | D:5      | Reached skill level 5 in Shapeshifting
  6261 | D:6      | Reached XP level 8. HP: 56/64 MP: 8/8
  6517 | D:6      | Reached * piety under Trog
  6595 | D:6      | Reached skill level 7 in Unarmed Combat
  7498 | D:6      | Reached XP level 9. HP: 69/69 MP: 9/9
  7656 | D:7      | Found a hazy altar of Hepliaklqana.
  7699 | D:7      | Found a flagged portal.
  7717 | Bailey   | Entered a bailey
  7958 | Bailey   | Reached ** piety under Trog
  8017 | Bailey   | Reached skill level 10 in Shapeshifting
  8142 | Bailey   | Noticed a kobold demonologist
  8156 | Bailey   | Killed a kobold demonologist
  8397 | Bailey   | Found an iron altar of Okawaru.
  8397 | Bailey   | Noticed a kobold demonologist
  8397 | Bailey   | Noticed an orc knight
  8405 | Bailey   | Killed a kobold demonologist
  8406 | Bailey   | Reached XP level 10. HP: 85/85 MP: 10/10
  8409 | Bailey   | Killed an orc knight
  8410 | Bailey   | Reached skill level 10 in Fighting
  8479 | Bailey   | Identified the +0 leather armour of Pan-Flutes {Regen+}
  8859 | D:7      | Found an iron altar of Okawaru.
  8924 | D:6      | Acquired a manual of Dodging
  8926 | D:6      | Acquired 786 gold pieces
  9064 | D:7      | Found a stormy altar of Qazlal.
  9076 | D:7      | Reached skill level 5 in Dodging
  9198 | D:7      | Found a basalt altar of Yredelemnul.
  9215 | D:7      | Noticed Menkaure
  9221 | D:7      | Killed Menkaure
  9457 | D:7      | Found a shadowy altar of Dithmenos.
  9470 | D:7      | Noticed Duvessa
  9479 | D:7      | Noticed Dowan
  9495 | D:7      | Killed Duvessa
  9499 | D:7      | Killed Dowan
  9624 | D:7      | Found a white marble altar of Elyvilon.
 10410 | D:8      | Found a staircase to the Lair.
 10410 | D:8      | Noticed an elephant
 10426 | D:8      | Killed an elephant
 10445 | D:8      | Reached skill level 10 in Dodging
 10664 | D:8      | Found a runed translucent door.
 10667 | D:8      | Noticed a sixfirhy
 11045 | D:9      | Reached skill level 8 in Unarmed Combat
 11141 | D:9      | Reached *** piety under Trog
 11146 | D:9      | Reached XP level 11. HP: 56/93 MP: 11/11
 11148 | D:9      | Reached skill level 9 in Unarmed Combat
 11456 | D:9      | Reached skill level 10 in Unarmed Combat
 11642 | D:9      | Found a staircase to the Orcish Mines.
 11892 | D:9      | Found Gysudec's Antique Weapon Emporium.
 12134 | D:9      | Reached **** piety under Trog
 12449 | D:10     | Entered Level 10 of the Dungeon
 12548 | D:10     | Noticed a purple ugly thing
 12563 | D:10     | Killed a purple ugly thing
 12564 | D:10     | Noticed a two-headed ogre
 12579 | D:10     | Killed a two-headed ogre
 13164 | D:10     | Noticed a two-headed ogre
 13180 | D:10     | Killed a two-headed ogre
 13181 | D:10     | Reached XP level 12. HP: 86/102 MP: 12/12
 13245 | D:10     | Found Fymoschi's Demolitions Depot.
 14988 | D:11     | Noticed a centaur warrior
 15000 | D:11     | Killed a centaur warrior
 15944 | D:12     | Noticed Kirke
 16074 | Lair:1   | Entered Level 1 of the Lair of Beasts
 16094 | Lair:1   | Reached skill level 15 in Shapeshifting
 16135 | Lair:1   | Found a dark tunnel.
 16256 | Volcano  | Entered a volcano
 16396 | Volcano  | Reached ***** piety under Trog
 16419 | Volcano  | Found a bloodstained altar of Trog.
 16514 | Volcano  | Noticed a hell hog
 16517 | Volcano  | Killed a hell hog
 16518 | Volcano  | Gained mutation: You can hop long distances. [Barachi
                  | growth]
 16518 | Volcano  | Reached XP level 13. HP: 108/108 MP: 13/13
 16532 | Volcano  | Reached skill level 11 in Unarmed Combat
 17798 | Lair:1   | Identified the +11 falchion of Conservatism {freeze, rN+
                  | rCorr Int-4 Dex+4}
 17913 | Lair:1   | Reached skill level 12 in Unarmed Combat
 18101 | Lair:2   | Reached skill level 13 in Unarmed Combat
 18310 | Lair:2   | Found a hole to the Spider Nest.
 18372 | Lair:2   | Found a staircase to the Shoals.
 18742 | Lair:2   | Noticed Urug
 18749 | Lair:2   | Killed Urug
 18759 | Lair:2   | Received a gift from Trog
 18851 | Lair:2   | Noticed Harold
 18927 | Lair:2   | Killed Harold
 19377 | Lair:3   | Reached XP level 14. HP: 121/121 MP: 14/14
 19599 | Lair:3   | Reached skill level 15 in Fighting
 20859 | Lair:4   | Found a viscous altar of Jiyva.
 20859 | Lair:4   | Found a staircase to the Slime Pits.
 21223 | D:10     | Bought a wand of quicksilver (3) for 189 gold pieces
 21350 | Lair:5   | Entered Level 5 of the Lair of Beasts
 21793 | Lair:5   | Found a stormy altar of Qazlal.
 21896 | Lair:5   | Reached skill level 15 in Dodging
 22195 | Lair:5   | Reached ****** piety under Trog
 22700 | Lair:5   | Reached skill level 14 in Unarmed Combat
 22740 | Lair:5   | Noticed a dire elephant
 22752 | Lair:5   | Killed a dire elephant
 23184 | D:8      | Reached XP level 15. HP: 129/129 MP: 15/15
 23562 | D:12     | Killed Kirke
 23724 | D:12     | Found Atzuvosu's Book Shop.
 23729 | D:12     | Bought a manual of Shapeshifting for 800 gold pieces
 23908 | D:12     | Noticed Frances
 23961 | Orc:1    | Entered Level 1 of the Orcish Mines
 24350 | Orc:1    | Noticed Sonja
 24360 | Orc:1    | Killed Sonja
 24364 | Orc:1    | Received a gift from Trog
 24417 | Orc:1    | Paralysed by an orc sorcerer for 2 turns
 24827 | Orc:2    | Entered Level 2 of the Orcish Mines
 25819 | Orc:2    | Found a staircase to the Elven Halls.
 25968 | Orc:2    | Received a gift from Trog
 26071 | Orc:2    | Found Umoycs Duag's Distillery.
 26221 | Orc:2    | Found Tergh's Antique Weapon Shop.
 26232 | Orc:2    | Found Xamae's Distillery.
 26576 | D:11     | Killed Frances
 27299 | D:13     | Reached XP level 16. HP: 140/140 MP: 16/16
 27602 | D:13     | Identified the +1 robe of the Other Side {Will+++ Str-2
                  | Dex-4 Stlth+}
 28266 | D:14     | Received a gift from Trog
 28274 | D:14     | Reached skill level 15 in Unarmed Combat
 28467 | D:14     | Found a gate to the Vaults.
 29023 | D:15     | Entered Level 15 of the Dungeon
 29024 | D:15     | Noticed Josephine
 29073 | D:15     | Killed Josephine
 29115 | D:15     | Found a staircase to the Depths.
 30727 | Depths:1 | Entered Level 1 of the Depths
 31167 | Shoals:1 | Entered Level 1 of the Shoals
 31240 | Shoals:1 | Reached skill level 16 in Unarmed Combat
 31251 | Shoals:1 | Received a gift from Trog
 31531 | Shoals:1 | Found a runed translucent door.
 31712 | Shoals:1 | Found Salir's Armour Boutique.
 32472 | Shoals:2 | Reached XP level 17. HP: 59/153 MP: 17/17
 32816 | Shoals:2 | Reached skill level 17 in Unarmed Combat
 33088 | Shoals:1 | Acquired a manual of Evocations
 33286 | Shoals:2 | Reached skill level 1 in Evocations
 33517 | Shoals:2 | Received a gift from Trog
 33960 | Shoals:2 | Reached skill level 5 in Evocations
 35037 | Shoals:3 | Found a shimmering altar of Xom.
 35243 | Shoals:3 | Reached skill level 10 in Evocations
 35301 | Shoals:3 | Identified the +4 scale mail of Dust Devil {Regen+}
 35542 | Shoals:3 | Noticed Ilsuiw
 35802 | Shoals:3 | Killed Ilsuiw
 36687 | Shoals:4 | Entered Level 4 of the Shoals
 36714 | Shoals:4 | Received a gift from Trog
 36733 | Shoals:4 | Got a barnacled rune of Zot
 37759 | Shoals:4 | Identified the +3 scale mail of the Weak God {rF+}
 38591 | Shoals:4 | Found Luzenn's Armour Boutique.
 39090 | Shoals:4 | Reached XP level 18. HP: 157/157 MP: 18/18
 39234 | Shoals:4 | Identified the +7 flail of Leptyv {protect, *Rage rF+ SInv}
 39744 | Shoals:1 | Reached skill level 15 in Evocations
 39928 | Spider:1 | Entered Level 1 of the Spider Nest
 39970 | Lair:2   | Received a gift from Trog
 40688 | Spider:2 | Found a glacial archway.
 40782 | IceCv    | Entered an ice cave
 41024 | IceCv    | Reached skill level 1 in Shields
 41092 | IceCv    | Received a gift from Trog
 41093 | IceCv    | Reached skill level 18 in Unarmed Combat
 41472 | IceCv    | Reached skill level 5 in Shields
 42529 | Spider:3 | Noticed Arachne
 42678 | Spider:3 | Reached skill level 19 in Unarmed Combat
 42998 | Spider:3 | Identified the +8 hand axe of Muestrumm {heavy, rPois
                  | Will+} (Trog gifted it to you on level 3 of the Spider
                  | Nest)
 42998 | Spider:3 | Received a gift from Trog
 43099 | Spider:3 | Reached XP level 19. HP: 169/169 MP: 19/19
 43193 | Spider:3 | Killed Arachne
 44072 | Spider:4 | Entered Level 4 of the Spider Nest
 44087 | Spider:4 | Noticed Mlioglotl
 44099 | Spider:4 | Killed Mlioglotl
 44215 | Spider:4 | Reached skill level 20 in Unarmed Combat
 44220 | Spider:4 | Noticed Roxanne
 44432 | Spider:4 | Noticed Asterion
 44432 | Spider:4 | Noticed Agnes
 44773 | Spider:4 | Killed Agnes
 44815 | Spider:4 | Gained mutation: You are occasionally teleported next to
                  | monsters. [a cacodemon]
 44819 | Spider:4 | Gained mutation: Armour fits poorly on your strangely
                  | shaped body. [a cacodemon]
 44827 | Spider:4 | Gained mutation: Your spells are a little easier to cast,
                  | but a little less powerful. [a cacodemon]
 44828 | Spider:4 | Gained mutation: Your spells are easier to cast, but less
                  | powerful. [a cacodemon]
 44829 | Spider:4 | Killed Asterion
 44965 | Spider:3 | Lost mutation: Armour fits poorly on your strangely shaped
                  | body. [potion of mutation]
 44965 | Spider:3 | Lost mutation: Your spells are easier to cast, but less
                  | powerful. [potion of mutation]
 44965 | Spider:3 | Lost mutation: Your spells are a little easier to cast, but
                  | a little less powerful. [potion of mutation]
 44965 | Spider:3 | Gained mutation: You are weak. (Str -2) [potion of
                  | mutation]
 44965 | Spider:3 | Gained mutation: You have a pair of small horns on your
                  | head. [potion of mutation]
 44966 | Spider:3 | Lost mutation: You are weak. (Str -2) [potion of mutation]
 44966 | Spider:3 | Lost mutation: You have a pair of small horns on your head.
                  | [potion of mutation]
 44966 | Spider:3 | Lost mutation: You are occasionally teleported next to
                  | monsters. [potion of mutation]
 44966 | Spider:3 | Gained mutation: Your muscles are strong. (Str +4, Int/Dex
                  | -1) [potion of mutation]
 44966 | Spider:3 | Gained mutation: You are vulnerable to heat. (rF-) [potion
                  | of mutation]
 44966 | Spider:3 | Gained mutation: You passively map a small area around you.
                  | [potion of mutation]
 45310 | Spider:4 | Received a gift from Trog
 45382 | Spider:4 | Reached skill level 21 in Unarmed Combat
 45525 | Spider:4 | Identified the +0 hat of the Clam {Dex+3}
 45534 | Spider:4 | Got a gossamer rune of Zot
 45918 | Vaults:1 | Entered Level 1 of the Vaults
 46396 | Vaults:1 | Reached skill level 22 in Unarmed Combat
 46841 | Vaults:1 | Noticed Boris
 46858 | Vaults:1 | Killed Boris
 47021 | Vaults:1 | Received a gift from Trog
 47120 | Vaults:1 | Reached XP level 20. HP: 176/176 MP: 20/20
 47469 | Vaults:1 | Found Pupag's Book Emporium.
 47599 | Vaults:2 | Reached skill level 23 in Unarmed Combat
 47651 | Vaults:2 | Found a crumbling gateway.
 47766 | Desolati | Entered the Desolation of Salt
 47918 | Desolati | Identified the ring of Patuth {rPois rN++ rCorr}
 47979 | Desolati | Identified the ring of Hoffabb {rElec Will+ EV+5 Dex+6}
 48158 | Desolati | Received a gift from Trog
 48278 | Desolati | Identified the amulet "Muwauch" {RegenMP rPois rN+ Int+3}
 48284 | Desolati | Identified the +7 broad axe of Makhleb's Vengeance {freeze,
                  | *Corrode rElec Dex+3 Stlth+}
 48290 | Desolati | Identified the ring of Asceticism {Wiz ^Contam rElec Int+2}
 48292 | Desolati | Identified the ring "Buciloj" {Str+6 SInv}
 48367 | Desolati | Reached skill level 24 in Unarmed Combat
 48406 | Desolati | Identified the +2 war axe of the Fresh God {flame, Str+3}
 48673 | Vaults:2 | Found Bijashri's Jewellery Boutique.
 48750 | Vaults:2 | Found Plog's Armour Emporium.
 48907 | Vaults:2 | Found Idod's Antique Weapon Shop.
 48977 | Vaults:2 | Bought the +0 helmet of the Grey Skies {rElec Will+ rCorr
                  | Dex+2} for 474 gold pieces
 49008 | Vaults:2 | Bought the ring "Muasch" {^Drain rF+++ Str+6} for 1448 gold
                  | pieces
 49026 | Vaults:2 | Found Paffuy Fizi's General Store.
 49292 | Vaults:2 | Reached skill level 25 in Unarmed Combat
 49364 | Vaults:2 | Identified the +7 great mace of the Black Skies {flame,
                  | rCorr} (Trog gifted it to you on level 2 of the Vaults)
 49364 | Vaults:2 | Received a gift from Trog
 49430 | Vaults:2 | Reached XP level 21. HP: 183/183 MP: 21/21
 49859 | Vaults:3 | Found Dimeb's Distillery.
 50089 | Vaults:3 | Noticed Boris
 50099 | Vaults:3 | Killed Boris
 50477 | Vaults:3 | Noticed a bone dragon
 50483 | Vaults:3 | Killed a bone dragon
 50488 | Vaults:3 | Found a staircase to the Crypt.
 50508 | Crypt:1  | Entered Level 1 of the Crypt
 50710 | Vaults:3 | Noticed a golden dragon
 50717 | Vaults:3 | Killed a golden dragon
 51324 | Vaults:4 | Noticed Sojobo
 51347 | Vaults:4 | Received a gift from Trog
 51349 | Vaults:4 | Paralysed by an air elemental for 1 turns
 51357 | Vaults:4 | Paralysed by an air elemental for 1 turns
 51360 | Vaults:4 | Killed Sojobo
 52460 | Vaults:4 | Found a runed translucent gate.
 52460 | Vaults:4 | Found an opulent altar of Gozag.
 52460 | Vaults:4 | Found a runed translucent gate.
 52460 | Vaults:4 | Noticed HilariousDeathArtist's ghost (adept CeWn)
 52461 | Vaults:4 | Found a runed translucent gate.
 52461 | Vaults:4 | Found Huelor's Assorted Antiques.
 52466 | Vaults:4 | Found Rureub's Assorted Antiques.
 52987 | Elf:1    | Entered Level 1 of the Elven Halls
 52993 | Elf:1    | Received a gift from Trog
 53128 | Elf:1    | Reached XP level 22. HP: 196/196 MP: 22/22
 53209 | Elf:1    | Noticed Nikola
 53217 | Elf:1    | Killed Nikola
 53233 | Elf:1    | Received a gift from Trog
 53865 | Elf:2    | Received a gift from Trog
 54121 | Elf:2    | Found a runed translucent gate.
 54121 | Elf:2    | Found a runed translucent gate.
 54124 | Elf:2    | Found a runed translucent gate.
 54236 | Elf:2    | Found an ancient bone altar of Kikubaaqudgha.
 54418 | Elf:3    | Entered Level 3 of the Elven Halls
 54529 | Elf:3    | Noticed Bai Suzhen
 54543 | Elf:3    | Killed Bai Suzhen
 54928 | Elf:3    | Received a gift from Trog
 55628 | Spider:4 | Killed Roxanne
 55999 | Elf:3    | HP: 11/265 [deep elf elementalist/Lee's Rapid
                  | Deconstruction (45)]
 56001 | Elf:3    | Killed from afar by a deep elf elementalist

Illustrated notes

Levels and vault maps discovered:
D:1:      dpeg_arrival_tiny_h, layout_basic, serial_shops, shop,
          dk_noncrumbling_2, nicolae_eternal_life,
          chequers_serial_rivers_micro_d, chequers_serial_rivers_micro_b,
          due_unseen_surprise
D:2:      layout_basic, minmay_gold_behind_fungi
D:3:      minmay_diamond_boxcup, layout_basic, serial_co_window_serial,
          co_window_of_opportunity_a, co_window_paths_a,
          co_window_of_opportunity_a, co_window_of_opportunity_a,
          co_window_cross_1, co_window_corner_b, co_window_of_opportunity_b,
          co_window_broadway_a, co_window_cross_4, co_window_of_opportunity_b,
          co_window_broadway_b, co_window_of_opportunity_c, glass_columns_b,
          glass_columns_c, glass_columns_b, corner_web_ring, uniq_ijyb
D:4:      layout_gridville, gammafunk_temple_overflow_pools
D:5:      layout_loops_ring, minmay_temple_entry_drinking_statues,
          roderic_batcave
D:6:      layout_cave_pods, minmay_fractal_squares_gapless_5
D:7:      layout_layer_cave, mainiacjoe_overflow_catwalk_spiral,
          grunt_dithmenos_shadows, lemuel_tele_altar, lemuel_round_altar,
          nicolae_overflow_hidden_temple, enter_bailey_4, uniq_menkaure,
          uniq_duvessa
D:8:      cheibrodos_shockbox, layout_cave_pods, david_lair_generic,
          dk_rats_in_the_wall
D:9:      layout_loops_cross, erik_orc_2, special_room [special_room_bee],
          serial_shops, shop
D:10:     cheibrodos_barr_body, layout_basic, hangedman_decor_push,
          nicolae_blasting_shop
D:11:     layout_basic, serial_library_hellmonk_u_bend, minmay_misc_feat_five,
          hangedman_abyss_or_decor_stabs, kennysheep_generic_room_2
D:12:     layout_gridville, serial_shops, kennysheep_little_box, uniq_kirke,
          uniq_frances
D:13:     layout_loops_ring
D:14:     layout_roguey [special_room_orc], ximxim_vaults_locker_room
D:15:     hangedman_depths_entry_civil_slaughter, layout_layer_cave,
          minivault_24, minivault_20, uniq_josephine
Temple:   compressed_dpeg_circular_temple
Lair:1:   layout_cave_pods, enter_volcano_2, serial_bayou_pond_c, worms_lemuel,
          grunt_megastairs_4, serial_bayou_shore_b
Lair:2:   layout_loops_ring, minmay_shoals_entry_centaurs,
          spider_nest_entry_webs, serial_bayou, serial_bayou_shore_b,
          serial_bayou_pond_b, serial_bayou_lake_a, serial_bayou_ford_a,
          kennysheep_abandoned_house, uniq_urug, uniq_harold
Lair:3:   layout_cave_pods, small_statue_intersection, serial_bayou_shore_b,
          serial_bayou_shore_a, lemuel_fruit_fields, lemuel_fruit_fields
Lair:4:   pond_and_an_island_with_a_cottage, layout_gridlike,
          dpeg_slime_entry_enclosed
Lair:5:   grunt_lair_end_beastmaster, layout_layer_cave, basic_altar
Shoals:1: layout_shoals, serial_shops, nicolae_shop_back_alley_shop,
          lightli_airlock
Shoals:2: layout_shoals
Shoals:3: cheibrodos_shoals_roost, layout_shoals, lemuel_oklob_altar,
          uniq_ilsuiw
Shoals:4: shoals_end_simple, layout_shoals, serial_shops, shop
Spider:1: layout_spider_delve, nicolae_spider_paper_wasps
Spider:2: layout_spider_delve, portal_ice_cave_entry_pillars_2
Spider:3: layout_chambers, uniq_arachne
Spider:4: grunt_spider_rune_circles, uniq_mlioglotl, uniq_asterion,
          uniq_roxanne, uniq_agnes
Orc:1:    layout_diamond_mine, basic_altar, minmay_orc_temple_a, uniq_sonja
Orc:2:    st_orc_town, layout_caves, basic_altar, nicolae_orc_quarried_blocks
Elf:1:    eino_elf_arrival_shootout, layout_rooms,
          hangedman_elven_crosses_minicolossus, minmay_crystal_room, uniq_nikola
Elf:2:    nicolae_elf_blades_splatter_lattice [mumra_blade_entry_dagger],
          layout_gridlike, basic_altar
Elf:3:    elf_hall, layout_gridlike, grunt_megastairs_1, uniq_bai_suzhen
Vaults:1: hangedman_vaults_unwind, nicolae_vaults_layer_cake_slice, v_rooms_2,
          nicolae_vaults_double_plus_3, vaults_dpeg_emergency_exit,
          nicolae_vaults_house_2, v_misc_26, nicolae_vaults_more_shelving_2,
          nicolae_vaults_shipping_containers_3, v_misc_9,
          nicolae_vaults_wine_cellar, layout_vaults_ring, serial_glass,
          serial_shops, shop, uniq_boris
Vaults:2: portal_desolation_entry_nicolae_nacl, nicolae_vaults_double_plus_2,
          nicolae_vaults_triangles, v_pattern_2, v_misc_33,
          nicolae_vaults_frosty_reception, nicolae_vaults_door_testing_chamber,
          nicolae_vaults_disjoint_gnomons, nicolae_vaults_double_plus_1,
          nicolae_vaults_house_2, layout_vaults_maze, serial_shops, shop,
          nicolae_shop_stone, shop, shop
Vaults:3: minmay_crypt_entry_nasty_monster, vaults_room_grid,
          nicolae_vaults_network_quinsquares
          [nicolae_vaults_network_quincunx_subvault,
          nicolae_vaults_network_quincunx_subvault,
          nicolae_vaults_network_quincunx_subvault,
          nicolae_vaults_network_quincunx_subvault],
          nicolae_vaults_enemy_cabinets, nicolae_vaults_little_squares_3,
          nicolae_vaults_surprise_closet, vaults_dpeg_spiral, vaults_dpeg_hooks,
          layout_vaults_omnigrid, serial_shops, shop
Vaults:4: ebering_ghost_gozag, nicolae_vaults_trapezoid_lopsided_4,
          hangedman_vaults_corner, hangedman_vaults_restitches, v_rooms_6,
          nicolae_vaults_alarming, nicolae_vaults_diamond_2, vaults_mumra_hex,
          layout_vaults_chaotic_city, uniq_sojobo
Crypt:1:  layout_chaotic_city, basic_altar, hex_large, minmay_misc_feat_pillars
Depths:1: layout_gridville, enter_ziggurat_d, hell_entry,
          minmay_guarded_unrand_zonguldrok, serial_bayou_shore_b

Skill      XL: |  1  2  3  4  5  6  7  8  9 10 11 12 13 14 15 16 17 18 19 20 21 22 |
---------------+-------------------------------------------------------------------+-----
Unarmed Combat | 4 5 6 7 8 10 13 14 16 17 19 22 25 | 25.0
Fighting       | 2 3 5 6 9 11 12 14 15 16 19 20 22 24 | 24.6
Dodging        | 3 4 10 16 17 | 17.0
Shapeshifting  | 4 6 8 10 12 15 16 20 22 | 22.0
Evocations     | 14 15 | 15.0
Shields        | 5 |  5.0

Action                     |  1- 3 |  4- 6 |  7- 9 | 10-12 | 13-15 | 16-18 | 19-21 | 22-24 || total
---------------------------+-------+-------+-------+-------+-------+-------+-------+-------++-------
  Melee: Unarmed           |    80 |   172 |   311 |   583 |   831 |  1085 |  1159 |   284 ||  4505
         Punch             |     1 |     8 |    17 |    25 |    66 |    74 |       |       ||   191
         Tailslap          |       |       |       |     7 |   121 |   108 |       |       ||   236
         Bite              |       |       |       |     3 |   103 |    80 |       |       ||   186
   Fire: Sling             |     8 |    72 |     6 |       |       |       |     1 |       ||    87
 Invoke: Berserk           |       |       |     3 |     3 |       |     2 |     4 |       ||    12
         Trog's Hand       |       |       |     1 |     3 |       |     3 |     3 |       ||    10
         Brothers in Arms  |       |       |       |       |       |     1 |     2 |       ||     3
Ability: Breathe Fire      |       |       |       |       |     1 |     1 |       |       ||     2
  Evoke: Wand              |       |       |     1 |     1 |       |     3 |     1 |       ||     6
         Phial of floods   |       |       |       |       |       |       |     1 |       ||     1
    Use: Potion            |       |     1 |       |       |       |     3 |     2 |     1 ||     7
         Scroll            |       |       |    16 |    10 |     5 |     8 |     2 |     1 ||    42
   Stab: Petrified         |       |       |       |     3 |       |     4 |       |       ||     7
         Sleeping          |       |       |       |       |     1 |     3 |     3 |       ||     7
         Distracted        |       |       |       |       |       |     1 |     2 |       ||     3
 Armour: Animal skin       |    21 |       |       |       |       |       |       |       ||    21
         Leather armour    |     3 |       |       |       |       |       |       |       ||     3
         Ring mail         |       |    56 |   150 |   314 |       |       |       |       ||   520
         Chain mail        |       |    50 |       |       |       |       |       |       ||    50
         Skin              |       |     1 |       |    42 |   464 |  1015 |   856 |   105 ||  2483
  Dodge: Dodged            |    39 |   108 |   191 |   418 |   664 |  1597 |  1408 |   276 ||  4701
  Block: Buckler           |       |       |       |       |       |   113 |   549 |   101 ||   763
   Form: Blade             |       |       |     1 |     1 |       |       |       |       ||     2
         Statue            |       |       |       |     2 |       |     1 |     1 |       ||     4
         Dragon            |       |       |       |     1 |       |       |       |       ||     1
                           |       |       |       |       |       |       |     1 |       ||     1
